 Dungeon Crawl Stone Soup version 0.22-b1-59-g0aedee7 (webtiles) character file.

8749 Lew the Blocker (level 11, -2/153 HPs)
             Began as a Deep Dwarf Fighter on Aug 9, 2018.
             Was an Initiate of Gozag.
             Shot with an arrow by a centaur (4 damage)
             ... on level 9 of the Dungeon.
             The game lasted 00:34:32 (8262 turns).

Lew the Blocker (Deep Dwarf Fighter)                Turns: 8262, Time: 00:34:32

Health: -2/153     AC: 28    Str: 28    XL:     11   Next: 14%
Magic:  0/0        EV:  2    Int: 12    God:    Gozag
Gold:   814        SH: 12    Dex: 12    Spells: 10/10 levels left

rFire    . . .     SeeInvis .   a - +3 war axe
rCold    . . .     Gourm    .   c - +0 shield
rNeg     + + +     Faith    .   (armour currently unavailable)
rPois    +         Spirit   .   (helmet currently unavailable)
rElec    +         Reflect  .   (cloak currently unavailable)
rCorr    .         Harm     .   (gloves currently unavailable)
MR       +....     NoTele   +   (boots currently unavailable)
Stlth    +++.......             h - amulet of the acrobat
HPRegen  0.00/turn              p - ring "Tiur" {rElec rPois Int+3}
MPRegen  0.07/turn              g - +3 ring of protection

@: mighty, tree-form, gold aura, very slightly contaminated, non-regenerating,
invisible
A: damage resistance, heal wounds, sense surroundings 2, wild magic 1, no
regeneration
a: Heal Wounds, Potion Petition, Call Merchant, Bribe Branch, Renounce Religion


You were on level 9 of the Dungeon.
You worshipped Gozag.
Gozag was pleased with you.
You were not hungry.
You were a tree.
You visited 2 branches of the dungeon, and saw 10 of its levels.

You collected 1493 gold pieces.
You spent 644 gold pieces at shops.
You paid 35 gold pieces to Gozag.

Inventory:

Hand Weapons
 a - a +3 war axe (weapon)
 D - a +2 great sword of slicing
Armour
 b - a +0 scale mail (melded)
 c - a +0 shield (worn)
 i - a +0 pair of boots (melded)
 v - a +0 helmet (melded)
 w - a scarf of spirit shield
 y - a +0 chain mail
Jewellery
 e - an uncursed ring of flight
 g - a +3 ring of protection (right branch)
 h - an amulet of the acrobat (around neck)
 o - an uncursed ring of protection from fire
 p - the ring "Tiur" (left branch) {rElec rPois Int+3}
   (You bought it in a shop on level 9 of the Dungeon)

   [ring of poison resistance]

   It affects your intelligence (+3).
   It insulates you from electricity.
   It protects you from poison.
 t - an uncursed ring of positive energy
Wands
 m - a wand of disintegration (13)
 z - a wand of acid (7)
 A - a wand of iceblast (7)
 C - a wand of scattershot (6)
Scrolls
 j - 3 scrolls of identify
 q - 3 scrolls of remove curse
 r - 3 scrolls of magic mapping
 x - 2 scrolls of vulnerability
 B - 3 scrolls of teleportation
 E - a scroll of immolation
 G - a scroll of holy word {unknown}
Potions
 l - 2 potions of curing
 n - a potion of agility
Miscellaneous
 F - a phantom mirror
Comestibles
 f - 9 rations


   Skills:
 + Level 7.7 Fighting
 + Level 8.9 Axes
 + Level 9.2 Armour
 + Level 5.7 Dodging
 - Level 7.0 Stealth
 + Level 9.2 Shields


You had 10 spell levels left.
You didn't know any spells.
Your spell library contained the following spells:

 Spells                   Type           Power        Failure   Level  Hunger
 Confuse                  Hex            #.......     94%         3    ####...
 Animate Dead             Necr           N/A          100%        4    #####..
 Recall                   Summ/Tloc      N/A          94%         3    ####...
 Death Channel            Necr           #.........   100%        6    #######
 Confusing Touch          Hex            #.....       65%         1    ##.....
 Metabolic Englaciation   Hex/Ice        #.........   100%        5    ######.
 Simulacrum               Ice/Necr       #.........   100%        6    #######
 Petrify                  Tmut/Erth      #.......     100%        4    #####..
 Gell's Gravitas          Tloc           #.........   94%         3    ####...
 Yara's Violent Unravell  Hex/Tmut       #.........   100%        5    ######.
 Borgnjor's Vile Clutch   Necr/Erth      #.........   100%        5    ######.


Dungeon Overview and Level Annotations

Branches:
Dungeon (9/15)             Temple (1/1) D:5            Lair (0/6) D:8
    Orc: D:9-12

Altars:
Ashenzari
Cheibriados
Dithmenos
Elyvilon
Fedhas
Gozag
Hepliaklqana
Kikubaaqudgha
Makhleb
Nemelex Xobeh
Okawaru
Qazlal
Ru
Sif Muna
Trog
Uskayaw
Vehumet
Wu Jian
Xom
Yredelemnul
Zin
The Shining One

Shops:
D:4 !   D:6 (   D:9 ==}


Innate Abilities, Weirdness & Mutations

You are resistant to damage.
You can heal yourself by infusing magical energy.
You passively map the area around you.
You do not regenerate.
((You have large cloven feet.))
Your spells are a little harder to cast, but a little more powerful.


Message History

You block the 15-headed hydra's attack.
The 15-headed hydra bites you but does no damage.
You block the 15-headed hydra's attack.
The 15-headed hydra bites you but does no damage.
The 15-headed hydra bites you.
The 15-headed hydra bites you but does no damage.
The 15-headed hydra barely misses you.
The 15-headed hydra bites you but does no damage. x3
You block the 15-headed hydra's attack.
The 15-headed hydra bites you but does no damage.
The wyvern hisses angrily.
You slice one of the 15-headed hydra's heads off!
The 14-headed hydra grows two more!
You slash the 16-headed hydra!
The 16-headed hydra is severely wounded.
The 16-headed hydra is distracted by the nearby gold.
The centaur shoots an arrow.
The arrow barely misses the wyvern.
The arrow barely misses the 16-headed hydra.
The arrow hits you.
You die...
Your body crumbles into a pile of gold.

, , ..#.#.
#...#.###... *,
..##..#..##..###.#
#### * #..# ..##..#
##.## # *#..#*
##(.####...#####
*#..###.....!..#......
#..#...#####...#####
,* #.#.#.# ##.##* ** *
* * * #...#.# #.# *,,
,,, ,* ##♣##.# #.# * *
* ,* #D##.# #.# *, *
,* **#lo..# #.# , ***
cO...)* #.# $ ,, ,,
##.##. ... , * .. *
..# ,,, ** ## , * , *
,, , , ,* * **,


You could see a 16-headed hydra (unaware), a wyvern (wandering), an ogre, a
centaur and an orc.

Vanquished Creatures
  The ghost of Terandir the Cleaver, a novice MiFi of Cheibriados (D:8)
  A cyclops (shapeshifter) (D:9)
  A gargoyle (D:9)
  A troll (D:8)
  Prince Ribbit (D:6)
  Grinder (D:3)
  2 hippogriffs
  Sigmund (D:2)
  A shadow (D:8)
  A spriggan (D:7)
  A fire elemental (D:8)
  3 fire bats (D:8)
  A water moccasin (D:8)
  A hell hound (D:8)
  A black bear (D:7)
  7 orc warriors
  2 sky beasts
  7 ogres
  6 centaurs
  A crocodile (D:7)
  A big kobold (D:9)
  7 bullfrogs
  Blork the orc (D:4)
  A gnoll sergeant (D:8)
  A wyvern zombie (D:9)
  4 scorpions
  3 wights (D:6)
  3 electric eels (D:8)
  2 howler monkeys (D:8)
  2 crimson imps (D:6)
  6 orc priests
  12 hounds
  A bullfrog skeleton (D:9)
  A centaur skeleton (D:7)
  3 jellies
  11 orc wizards
  6 iguanas
  Natasha (twice) (D:2)
  12 worker ants
  2 worker ant zombies
  20 gnolls
  10 adders
  5 shadow imps
  An ooze (D:2)
  3 adder skeletons
  2 adder zombies
  2 dart slugs
  6 leopard geckos
  26 orcs
  4 giant cockroaches
  7 hobgoblins
  6 jackals
  3 quokkas
  6 bats
  4 frilled lizards
  4 goblins
  10 kobolds
  A leopard gecko skeleton (D:9)
  6 rats
248 creatures vanquished.

Vanquished Creatures (others)
  A hound (D:9)
1 creature vanquished.

Grand Total: 249 creatures vanquished

Notes
Turn   | Place    | Note
-------+----------+-------------------------------------------
     0 | D:1      | Lew the Deep Dwarf Fighter began the quest for the Orb.
     0 | D:1      | Reached XP level 1. HP: 20/20 MP: 1/1
    96 | D:1      | Reached XP level 2. HP: 25/27 MP: 2/2
   454 | D:2      | Noticed Natasha
   467 | D:2      | Killed Natasha
   467 | D:2      | Reached XP level 3. HP: 24/34 MP: 3/3
   470 | D:2      | Noticed Sigmund
   490 | D:2      | Killed Sigmund
   490 | D:2      | Reached XP level 4. HP: 31/42 MP: 4/4
   490 | D:2      | Reached XP level 5. HP: 37/49 MP: 5/5
   778 | D:2      | Noticed Natasha
   784 | D:2      | Killed Natasha
   784 | D:2      | Reached XP level 6. HP: 38/56 MP: 6/6
   952 | D:2      | Found a glowing silver altar of Zin.
   953 | D:2      | Noticed an angel
   962 | D:2      | Found a shimmering altar of Xom.
  1631 | D:3      | Found a shadowy altar of Dithmenos.
  1672 | D:3      | Noticed Grinder
  1709 | D:3      | Paralysed by Grinder for 3 turns
  1713 | D:3      | Paralysed by Grinder for 5 turns
  1719 | D:3      | Killed Grinder
  2208 | D:4      | Reached skill level 5 in Shields
  2208 | D:4      | Reached XP level 7. HP: 59/64 MP: 6/6
  2215 | D:4      | Reached skill level 5 in Armour
  2248 | D:4      | Found a white marble altar of Elyvilon.
  2342 | D:4      | Found a hide-covered altar of Uskayaw.
  2342 | D:4      | Noticed a hand axe
  2342 | D:4      | Noticed a dagger
  2613 | D:4      | Found a basalt altar of Yredelemnul.
  2613 | D:4      | Noticed Blork the orc
  2622 | D:4      | Killed Blork the orc
  2770 | D:4      | Reached skill level 5 in Axes
  2780 | D:4      | Found Dauduasy's Distillery.
  2784 | D:4      | Bought a potion of mutation for 80 gold pieces
  2784 | D:4      | Gained mutation: Your spells are a little harder to cast, but a little more powerful. [potion of mutation]
  2784 | D:4      | Gained mutation: You have large cloven feet. [potion of mutation]
  3360 | D:5      | Entered Level 5 of the Dungeon
  3539 | D:5      | Reached XP level 8. HP: 54/73 MP: 6/6
  3648 | D:5      | Found a staircase to the Ecumenical Temple.
  3828 | D:5      | Reached skill level 5 in Stealth
  4029 | Temple   | Entered the Ecumenical Temple
  4341 | Temple   | Became a worshipper of Gozag Ym Sagoz the Greedy
  4501 | D:6      | Noticed Prince Ribbit
  4550 | D:6      | Reached skill level 5 in Fighting
  4899 | D:6      | Found an ornate altar of the Wu Jian Council.
  4937 | D:6      | Found Geshre's Weapon Shoppe.
  5048 | D:6      | Gained mutation: You passively map the area around you. [Deep Dwarf growth]
  5048 | D:6      | Reached XP level 9. HP: 48/81 MP: 7/7
  5282 | D:6      | Killed Prince Ribbit
  5611 | D:7      | Reached skill level 1 in Dodging
  6313 | D:8      | Found a hazy altar of Hepliaklqana.
  6313 | D:8      | Found a blossoming altar of Fedhas.
  6316 | D:8      | Found a stormy altar of Qazlal.
  6317 | D:8      | Found an iron altar of Okawaru.
  6469 | D:8      | Found a transporter.
  6471 | D:8      | Noticed a troll
  6475 | D:8      | Reached XP level 10. HP: 51/92 MP: 6/6
  6523 | D:8      | Found a transporter.
  6759 | D:8      | Found a staircase to the Lair.
  7193 | D:8      | Found a runed door.
  7196 | D:8      | Noticed Terandir's ghost (novice MiFi)
  7494 | D:8      | Killed Terandir's ghost
  7537 | D:9      | Found Urub's Jewellery Boutique.
  7551 | D:9      | Bought the ring "Tiur" {rElec rPois Int+3} for 564 gold pieces
  7559 | D:9      | Found a white marble altar of Elyvilon.
  7588 | D:9      | Found Xaok's Jewellery Boutique.
  7628 | D:9      | Reached skill level 5 in Dodging
  7666 | D:9      | Found Zatteg's Gadget Shoppe.
  7738 | D:9      | Noticed a fire crab
  7762 | D:9      | Noticed a deep troll
  7762 | D:9      | a fire crab changed into a deep troll
  7771 | D:9      | Noticed a gargoyle
  7827 | D:9      | Killed a gargoyle
  7844 | D:9      | Noticed a torpor snail
  7855 | D:9      | Noticed an eye of devastation
  7855 | D:9      | a torpor snail changed into an eye of devastation
  7877 | D:9      | Noticed a cyclops
  7877 | D:9      | an eye of devastation changed into a cyclops
  7878 | D:9      | Reached XP level 11. HP: 73/100 MP: 2/2
  8182 | D:9      | Found a glowing golden altar of the Shining One.
  8239 | D:9      | Noticed a five-headed hydra
  8260 | D:9      | HP: 6/153 [14-headed hydra (9)]
  8260 | D:9      | HP: 2/153 [14-headed hydra (4)]
  8262 | D:9      | Shot with an arrow by a centaur

Skill      XL: |  1  2  3  4  5  6  7  8  9 10 |
---------------+-------------------------------+-----
Fighting       | 3 4 5 6 7 |  7.7
Axes           | 3 4 5 6 7 8 |  8.9
Armour         | 4 5 6 7 9 |  9.2
Stealth        | 2 3 4 6 7 |  7.0
Shields        | 4 5 6 7 9 |  9.2
Dodging        | 3 5 |  5.7

Action                   |  1- 3 |  4- 6 |  7- 9 | 10-12 || total
-------------------------+-------+-------+-------+-------++-------
Melee: War axe           |    63 |    96 |   421 |   344 ||   924
Invok: Potion Petition   |       |       |       |     1 ||     1
 Abil: Heal Wounds       |     1 |     3 |    17 |    19 ||    40
  Use: Scroll            |     6 |     6 |     8 |     4 ||    24
       Potion            |     2 |       |     1 |    13 ||    16
 Stab: Sleeping          |       |       |     5 |     1 ||     6
       Distracted        |       |       |     2 |     3 ||     5
       Invisible         |       |       |       |     4 ||     4
  Eat: Chunk             |       |     2 |     2 |     2 ||     6
       Ration            |       |     1 |     3 |     2 ||     6
Armor: Scale mail        |    24 |    41 |   163 |   117 ||   345
       Skin              |       |       |       |    59 ||    59
Dodge: Dodged            |    12 |    26 |   136 |   178 ||   352
Block: Shield            |    28 |    41 |   236 |   251 ||   556
